 Dungeon Crawl Stone Soup version 0.14.1-1-g650416f (webtiles) character file.

156562 Kae the Shatterer (level 17, -2/154 HPs)
             Began as a Minotaur Fighter on May 6, 2014.
             Was the Champion of Okawaru.
             Shot with a bolt by a naga sharpshooter (20 damage)
             ... on Level 4 of the Snake Pit.
             The game lasted 01:14:26 (32489 turns).

Kae the Shatterer (Minotaur Fighter)               Turns: 32489, Time: 01:14:26

HP  -2/154       AC 44     Str 28      XL: 17   Next:  3%
MP   6/6         EV  7     Int  8      God: Okawaru [******]
Gold 3636        SH  0     Dex 13      Spells:  0 memorised, 16 levels left

rFire  + + .     SeeInvis .     t - +7,+6 great mace "Kusm" {flame, rF++}
rCold  x . .     Clarity  .     S - +4 crystal plate armour
rNeg   . . .     Conserve .     (no shield)
rPois  +         rCorr    .     B - +1 hat {MR+}
rElec  .         rRot     .     f - +0 cloak {MR+}
SustAb . .       Spirit   .     G - +0 pair of gloves {Str+3}
rMut   .         Warding  .     n - +2 pair of boots {+Jump}
Saprov . . .     Stasis   .     p - amulet of faith
MR     +++..                    y - +5 ring of protection
                                P - ring of Eternal Harmony {rPois rC- Dex+2 Int+1 Dam+8}

@: lethally poisoned, extremely resistant to hostile enchantments, extremely
unstealthy
A: retaliatory headbutt, horns 2
a: Heroism, Finesse, Renounce Religion, Evoke Jump Attack


You were on level 4 of the Snake Pit.
You worshipped Okawaru.
Okawaru was exalted by your worship.
You were very full.

You visited 5 branches of the dungeon, and saw 32 of its levels.
You also visited: Labyrinth and Ossuary.

You collected 3668 gold pieces.
You spent 32 gold pieces at shops.

Inventory:

Hand weapons
 s - the +7,-1 great mace "Vun Feam" {elec, -Tele rF+ MR+}
   (You found it on level 13 of the Dungeon)

   Occasionally, upon striking a foe, it will discharge some electrical energy
   and cause terrible harm.
   It protects you from fire.
   It affects your resistance to hostile enchantments.
   It prevents most forms of teleportation.
 t - the +7,+6 great mace "Kusm" (weapon) {flame, rF++}
   (Okawaru gifted it to you on level 13 of the Dungeon)

   It emits flame when wielded, causing extra injury to most foes and up to
   double damage against particularly susceptible opponents.
   It greatly protects you from fire.
 F - a +5,+6 eveningstar of flaming
Missiles
 J - 4 tomahawks
 W - 3 tomahawks of returning (quivered)
Armour
 b - the +13 crystal plate armour "Attaol" {Dex-4 Acc-3}
   (Okawaru gifted it to you on level 14 of the Dungeon)

   It affects your dexterity (-4).
   It affects your accuracy with ranged weapons and melee attacks (-3).
 f - a +0 cloak of magic resistance (worn)
 n - a +2 pair of boots of jumping (worn)
 B - a +1 hat of magic resistance (worn)
 G - a +0 pair of gloves of strength (worn)
 H - a +2 pair of gloves of dexterity
 S - a +4 crystal plate armour (worn)
Magical devices
 d - a wand of digging (15)
 w - a wand of teleportation (9)
 R - a wand of teleportation (9)
Comestibles
 a - 2 chunks of shock serpent flesh
 j - a honeycomb
 l - 17 meat rations
 u - a banana
 A - 4 bread rations
 C - an apple
Scrolls
 g - 5 scrolls of teleportation
 h - 6 scrolls of identify
 k - 5 scrolls of fog
 o - a scroll of amnesia
 q - 8 scrolls of remove curse
 K - 2 scrolls of blinking
 V - a scroll of magic mapping
 Z - 2 scrolls of recharging
Jewellery
 c - an uncursed ring of poison resistance
 p - an amulet of faith (around neck)
 y - a +5 ring of protection (right hand)
 D - an uncursed ring of protection from cold
 P - the ring of Eternal Harmony (left hand) {rPois rC- Dex+2 Int+1 Dam+8}
   (You found it on level 2 of the Snake Pit)

   [ring of slaying]

   It affects your damage with ranged weapons and melee attacks (+8).
   It affects your intelligence (+1).
   It affects your dexterity (+2).
   It makes you vulnerable to cold.
   It protects you from poison.
 Q - an uncursed ring of protection from fire
 U - a +3 ring of evasion
Potions
 e - a potion of cure mutation
 i - 9 potions of curing
 m - 2 potions of restore abilities
 v - 2 potions of might
 x - 2 potions of flight
 z - 2 potions of agility
 L - 2 potions of haste
 O - 5 potions of resistance
 Y - 2 potions of heal wounds
Books
 E - a book of the Earth

   Spells                             Type                      Level
   Leda's Liquefaction                Hexes/Earth                  4
   Bolt of Magma                      Conjuration/Fire/Earth       5
   Statue Form                        Transmutation/Earth          6
   Iron Shot                          Conjuration/Earth            6
   Shatter                            Earth                        9


   Skills:
 + Level 14.9 Fighting
 * Level 23.9 Maces & Flails
 * Level 19.8 Armour
   Level 3.6 Shields


You had 16 spell levels left.
You didn't know any spells.

Dungeon Overview and Level Annotations

Branches:
Dungeon (15/15)            Temple (1/1) D:6             Orc (4/4) D:10
    Elf (0/3) Orc:4          Lair (8/8) D:8          Shoals (0/5) Lair:4
  Snake (4/5) Lair:6        Slime (0/6) Lair:6       Vaults (0/5) D:14
 Depths (0/5) D:15

Altars:
Ashenzari
Cheibriados
Dithmenos
Fedhas
Kikubaaqudgha
Makhleb
Nemelex Xobeh
Okawaru
Sif Muna
Trog
Vehumet
Xom
Yredelemnul
Zin
The Shining One

Shops:
D:7 ?   D:13 *   Orc:3 *   Orc:4 %?=:   Snake:3 :}}

Portals:
Trove: D:14 (give 17 scrolls of identify)

Annotations:
D:14 Sonja


Innate Abilities, Weirdness & Mutations

You reflexively headbutt those who attack you in melee.
You have a pair of horns on your head.


Message History

The anaconda bites you but does no damage.
The anaconda constricts you.
You flatten the anaconda like a pancake!!!
You burn the anaconda!
You kill the anaconda!
Okawaru accepts your kill.
The naga sharpshooter shoots a bolt.
The bolt hits you!
* * * LOW HITPOINT WARNING * * *
You feel sick.
The naga sharpshooter shoots a bolt.
The bolt hits you!
* * * LOW HITPOINT WARNING * * *
You see here an anaconda corpse.
You bludgeon the naga sharpshooter!! You burn the naga sharpshooter.
The naga sharpshooter is heavily wounded.
You feel sick.
You barely miss the naga sharpshooter.
The naga sharpshooter is heavily wounded.
The naga sharpshooter casts a spell.
Magically, the naga sharpshooter shoots a bolt.
The bolt hits you!
You die...

#......#
#.#
###.####
#.# #.# #
#.# #$#
... #.#
#.# ....
#.#
#(##......
#.#
#.[.......
#.#
#(##......
#.# #@#
.... #N#
### #.#
... #.#
#.# #.#
#.# #.#


You could see a naga sharpshooter.

Vanquished Creatures
  Asterion (Snake:4)
  Rupert (D:15)
  Frances (D:14)
  Kirke (D:15)
  2 greater nagas
  Gastronok (D:8)
  An ettin (D:14)
  Josephine (D:15)
  A minotaur (Lab)
  4 vault guards (D:14)
  Harold (Orc:4)
  4 naga warriors
  5 hydras
  2 ogre magi (Orc:4)
  5 rakshasas (D:15)
  8 anacondas
  Erica (Lair:1)
  17 death yaks (Lair:8)
  7 shock serpents
  7 naga sharpshooters
  Nergalle (Lair:5)
  A centaur warrior (D:15)
  5 catoblepae
  2 unseen horrors
  2 salamander mystics
  4 skeletal warriors (D:15)
  A giant orange brain (D:14)
  2 deep trolls (Orc:4)
  The ghost of mehrheit the Basher, an experienced OgBe of Trog (Ossuary)
  A lindwurm (D:15)
  7 hill giants
  Joseph (D:8)
  2 naga ritualists
  3 wizards (D:15)
  5 mana vipers
  A necromancer (D:15)
  6 griffons
  4 salamanders
  3 orc knights
  6 manticores
  4 cyclopes
  2 slime creatures (D:13)
  2 oklob plants
  Maurice (D:8)
  9 elephants (Lair:8)
  8 naga magi
  12 spiny frogs
  A gargoyle (D:15)
  The ghost of Nowbl the Chopper, an experienced MiFi of Trog (D:5)
  A guardian serpent (D:12)
  15 black mambas
  A feature mimic (D:12)
  2 centaur zombies (D:15)
  A hellwing (D:11)
  A yaktaur zombie (D:14)
  6 komodo dragons
  A troll (shapeshifter) (D:15)
  16 trolls
  An efreet (D:15)
  A fire drake (Lair:4)
  2 tengu conjurers (D:13)
  4 boggarts (D:15)
  A wind drake (shapeshifter) (D:13)
  2 centaur skeletons (D:15)
  2 polar bears
  A catoblepas zombie (D:14)
  4 brown oozes (Lair:6)
  A hydra skeleton (D:15)
  A raven (D:13)
  6 two-headed ogres (Orc:4)
  3 basilisks
  2 wraiths
  5 wyverns
  2 trapdoor spiders
  17 ugly things
  86 yaks
  A spriggan (shapeshifter) (D:13)
  A deep elf mage (D:11)
  A human (D:3)
  A chaos spawn (D:11)
  2 hungry ghosts (D:13)
  7 hippogriffs
  3 sharks
  Grum (D:8)
  8 swamp worms (D:9)
  A deep elf fighter (D:8)
  4 hogs (D:15)
  A steam dragon (D:15)
  3 vampire mosquitoes (D:15)
  A hill giant skeleton (D:11)
  35 nagas
  A human zombie (D:15)
  Edmund (D:6)
  2 mottled dragons
  23 wolves
  2 necrophages (D:10)
  16 water moccasins
  A yellow wasp (D:10)
  13 porcupines
  An ogre skeleton (D:15)
  25 orc warriors
  2 wargs (Orc:2)
  The ghost of kober the Cudgeler, an average OgHu (D:3)
  27 ogres
  7 ice beasts
  8 sky beasts
  A giant goldfish (D:12)
  5 phantoms
  2 manticore skeletons (D:15)
  19 crocodiles
  4 boring beetles
  Duvessa (D:4)
  8 centaurs
  17 giant slugs
  4 big kobolds
  Blork the orc (D:6)
  20 giant frogs
  2 silver statues
  A yaktaur skeleton (D:13)
  3 water moccasin zombies (Ossuary)
  A tengu simulacrum (D:15)
  A tengu zombie (D:15)
  2 cyclops skeletons
  5 scorpions
  6 wights
  7 electric eels
  A goliath beetle (D:7)
  15 killer bees (D:11)
  Dowan (D:4)
  5 crimson imps
  A giant frog zombie (D:7)
  30 orc priests
  3 quasits
  3 jellies
  An iron imp (D:11)
  Crazy Yiuf (D:6)
  A basilisk skeleton (D:13)
  A big fish (Lair:6)
  A giant frog skeleton (D:12)
  A two-headed ogre zombie (D:13)
  14 hounds
  29 orc wizards
  A two-headed ogre skeleton (D:13)
  11 iguanas
  10 worker ants
  7 sheep
  A big kobold zombie (Ossuary)
  A crocodile skeleton (D:9)
  A hound skeleton (D:11)
  2 mummies (Ossuary)
  33 adders
  7 gnolls
  62 green rats
  3 shadow imps
  A worm zombie (D:6)
  2 giant mites
  10 worms
  2 inept feature mimics
  A goliath beetle zombie (D:6)
  2 adder zombies (Ossuary)
  4 giant eyeballs
  8 giant geckos
  179 orcs
  A bat skeleton (D:5)
  A bat zombie (D:7)
  6 gnoll zombies (Ossuary)
  20 hobgoblins
  14 quokkas
  36 bats
  6 giant cockroaches
  3 giant newts
  25 goblins
  4 hobgoblin zombies (Ossuary)
  22 jackals
  49 kobolds
  4 kobold zombies (Ossuary)
  2 orc skeletons (D:6)
  4 orc zombies
  23 rats
  A rat skeleton (D:5)
  A fungus (Lair:8)
  3 plants (D:9)
1345 creatures vanquished.

Vanquished Creatures (others)
  An ogre (D:4)
  An adder (Snake:2)
  2 fungi (Lair:8)
  3 plants
7 creatures vanquished.

Grand Total: 1352 creatures vanquished

Notes
Turn   | Place    | Note
--------------------------------------------------------------
     0 | D:1      | Kae, the Minotaur Fighter, began the quest for the Orb.
     0 | D:1      | Reached XP level 1. HP: 19/19 MP: 1/1
     6 | D:1      | Noticed a fire drake
     6 | D:1      | Noticed a black mamba
   216 | D:1      | Reached XP level 2. HP: 21/26 MP: 1/1
   616 | D:2      | Reached skill level 4 in Maces & Flails
   772 | D:2      | Reached XP level 3. HP: 28/31 MP: 2/2
  1312 | D:2      | Reached skill level 5 in Maces & Flails
  1558 | D:3      | Reached XP level 4. HP: 39/39 MP: 2/2
  1773 | D:3      | Noticed kober's ghost (average OgHu)
  1789 | D:3      | Killed kober's ghost
  1789 | D:3      | Reached skill level 6 in Maces & Flails
  1789 | D:3      | Reached XP level 5. HP: 30/45 MP: 2/2
  1796 | D:3      | Noticed a human
  1801 | D:3      | Found a basalt altar of Yredelemnul.
  1810 | D:3      | Killed a human
  1810 | D:3      | Reached skill level 7 in Maces & Flails
  1810 | D:3      | Reached XP level 6. HP: 37/51 MP: 3/3
  1826 | D:3      | Reached skill level 8 in Maces & Flails
  2518 | D:4      | Reached skill level 9 in Maces & Flails
  2521 | D:4      | Reached XP level 7. HP: 50/57 MP: 3/3
  2558 | D:4      | Paralysed by a giant eyeball for 3 turns
  2693 | D:4      | Noticed Duvessa
  2693 | D:4      | Noticed Dowan
  2713 | D:4      | Killed Duvessa
  2721 | D:4      | Killed Dowan
  2721 | D:4      | Reached skill level 10 in Maces & Flails
  3526 | D:5      | Entered Level 5 of the Dungeon
  3622 | D:5      | Reached skill level 11 in Maces & Flails
  3628 | D:5      | Reached XP level 8. HP: 32/64 MP: 3/3
  3838 | D:5      | Noticed Nowbl's ghost (experienced MiFi)
  3859 | D:5      | Killed Nowbl's ghost
  3859 | D:5      | Reached skill level 12 in Maces & Flails
  4293 | D:5      | Reached skill level 13 in Maces & Flails
  4490 | D:6      | Noticed Blork the orc
  4501 | D:6      | Killed Blork the orc
  4527 | D:6      | Reached XP level 9. HP: 39/70 MP: 4/4
  4850 | D:6      | Reached skill level 14 in Maces & Flails
  5019 | D:6      | Found a staircase to the Ecumenical Temple.
  5057 | Temple   | Entered the Ecumenical Temple
  5087 | Temple   | Became a worshipper of Warmaster Okawaru
  5409 | D:6      | Noticed Edmund
  5449 | D:6      | Killed Edmund
  5540 | D:6      | Noticed Crazy Yiuf
  5547 | D:6      | Killed Crazy Yiuf
  5600 | D:7      | Found Suaphio's Magic Scroll Boutique.
  5678 | D:7      | Identified a scroll of acquirement
  5707 | D:7      | Found a sand-covered staircase.
  5826 | Ossuary  | Entered an ossuary
  5928 | Ossuary  | Reached skill level 15 in Maces & Flails
  5955 | Ossuary  | Noticed mehrheit's ghost (experienced OgBe)
  6042 | Ossuary  | Killed mehrheit's ghost
  6042 | Ossuary  | Acquired Okawaru's first power
  6521 | D:7      | Reached skill level 16 in Maces & Flails
  6569 | D:7      | Paralysed by a giant eyeball for 3 turns
  7088 | D:8      | Reached XP level 10. HP: 77/77 MP: 4/4
  7090 | D:8      | Noticed Joseph
  7106 | D:8      | Killed Joseph
  7418 | D:8      | Noticed Maurice
  7435 | D:8      | Killed Maurice
  7477 | D:8      | Found a basalt altar of Yredelemnul.
  7477 | D:8      | Found a deep blue altar of Sif Muna.
  7556 | D:8      | Found a glowing silver altar of Zin.
  7556 | D:8      | Noticed Grum
  7557 | D:8      | Noticed Gastronok
  7573 | D:8      | Killed Gastronok
  7573 | D:8      | Reached skill level 17 in Maces & Flails
  7672 | D:8      | Killed Grum
  7681 | D:8      | Reached skill level 18 in Maces & Flails
  7914 | D:8      | Found a staircase to the Lair.
  8175 | Lair:1   | Entered Level 1 of the Lair of Beasts
  8286 | Lair:1   | Noticed Erica
  8298 | Lair:1   | Killed Erica
  8298 | Lair:1   | Reached XP level 11. HP: 74/82 MP: 4/4
  8513 | Lair:1   | Noticed a black mamba
  8522 | Lair:1   | Killed a black mamba
  8522 | Lair:1   | Acquired Okawaru's second power
  8522 | Lair:1   | Reached skill level 19 in Maces & Flails
  9108 | Lair:1   | Found a basalt altar of Yredelemnul.
  9672 | Lair:1   | Received a gift from Okawaru
  9676 | Lair:1   | Got a heavily runed cloak {god gift}
  9681 | Lair:1   | Identified the -5 cloak of Baxer {rPois MR+} (Okawaru gifted it to you on level 1 of the Lair of Beasts)
  9960 | Lair:2   | Found a labyrinth entrance.
 10098 | Lab      | Entered a labyrinth
 10727 | Lab      | Noticed a minotaur
 10738 | Lab      | Killed a minotaur
 10738 | Lab      | Reached skill level 20 in Maces & Flails
 10759 | Lab      | Got a brightly glowing plate armour
 10781 | Lab      | Identified the cursed -7 plate armour of the Planets {Stlth--} (You found it in a labyrinth)
 11205 | Lair:2   | Reached skill level 5 in Armour
 11695 | Lair:3   | Reached skill level 5 in Fighting
 11958 | Lair:3   | Received a gift from Okawaru
 12165 | Lair:3   | Reached XP level 12. HP: 94/94 MP: 5/5
 13335 | Lair:4   | Found a staircase to the Shoals.
 13669 | Lair:5   | Reached skill level 10 in Armour
 13731 | Lair:5   | Noticed Nergalle
 13745 | Lair:5   | Killed Nergalle
 14326 | Lair:6   | Found a staircase to the Slime Pits.
 14340 | Lair:6   | Received a gift from Okawaru
 14702 | Lair:6   | Noticed a seven-headed hydra
 14709 | Lair:6   | Killed a seven-headed hydra
 15028 | Lair:6   | Found a staircase to the Snake Pit.
 15114 | Lair:6   | Reached XP level 13. HP: 101/111 MP: 5/5
 15124 | Lair:6   | Noticed an eight-headed hydra
 15130 | Lair:6   | Killed an eight-headed hydra
 15596 | Lair:7   | Received a gift from Okawaru
 15605 | Lair:7   | Got a fine great mace {god gift}
 15612 | Lair:7   | Identified the +0,-2 great mace "Mefo" {crush, +Fly} (Okawaru gifted it to you on level 7 of the Lair of Beasts)
 15711 | Lair:7   | Reached skill level 10 in Fighting
 16384 | Lair:8   | Entered Level 8 of the Lair of Beasts
 16704 | Lair:8   | Received a gift from Okawaru
 16709 | Lair:8   | Got a pair of bloodstained gloves {god gift}
 16712 | Lair:8   | Identified the +0 pair of gloves of Okawaru's Approval {Dex+3} (Okawaru gifted it to you on level 8 of the Lair of Beasts)
 17087 | Lair:8   | Received a gift from Okawaru
 17176 | Lair:8   | Reached XP level 14. HP: 88/124 MP: 5/5
 17182 | Lair:8   | Reached skill level 15 in Armour
 17365 | Lair:8   | Reached skill level 21 in Maces & Flails
 17375 | Lair:8   | Received a gift from Okawaru
 19355 | D:9      | Found a bloodstained altar of Trog.
 19567 | D:10     | Entered Level 10 of the Dungeon
 19581 | D:10     | Found a staircase to the Orcish Mines.
 20915 | D:11     | Received a gift from Okawaru
 21204 | Orc:1    | Entered Level 1 of the Orcish Mines
 22580 | Orc:3    | Found Omajuax's Assorted Antiques.
 22643 | Orc:3    | Found a deep blue altar of Sif Muna.
 22959 | Orc:4    | Entered Level 4 of the Orcish Mines
 23164 | Orc:4    | Found a staircase to the Elven Halls.
 23216 | Orc:4    | Noticed Harold
 23226 | Orc:4    | Killed Harold
 23250 | Orc:4    | Received a gift from Okawaru
 23299 | Orc:4    | Found Vyrphah's Food Boutique.
 23329 | Orc:4    | Reached XP level 15. HP: 74/134 MP: 4/6
 23519 | Orc:4    | Found Shreit's Jewellery Shop.
 23522 | Orc:4    | Found Tyneijaj's Book Emporium.
 23528 | Orc:4    | Bought a cursed ring of hunger for 32 gold pieces
 23532 | Orc:4    | Found Wugrufru's Magic Scroll Shop.
 23647 | Orc:4    | Reached skill level 22 in Maces & Flails
 24736 | D:12     | Found a staircase to the Orcish Mines.
 24746 | D:12     | the staircase to the Orcish Mines was a mimic.
 24983 | D:13     | Found Bixutaich's General Store.
 25145 | D:13     | Received a gift from Okawaru
 25152 | D:13     | Got an ancient great mace {god gift}
 25153 | D:13     | Identified the +7,+6 great mace "Kusm" {flame, rF++} (Okawaru gifted it to you on level 13 of the Dungeon)
 25228 | D:13     | Got an iridescent great mace
 25229 | D:13     | Identified the +7,-1 great mace "Vun Feam" {elec, -Tele rF+ MR+} (You found it on level 13 of the Dungeon)
 25431 | D:14     | Noticed Frances
 25442 | D:14     | Killed Frances
 25516 | D:14     | Noticed Sonja
 25785 | D:14     | Found a gate to the Vaults.
 25794 | D:14     | Received a gift from Okawaru
 26271 | D:14     | Found a portal to a secret trove of treasure.
 26351 | D:14     | Received a gift from Okawaru
 26360 | D:14     | Got a faintly glowing crystal plate armour {god gift}
 26390 | D:14     | Identified the +13 crystal plate armour "Attaol" {Dex-4 Acc-3} (Okawaru gifted it to you on level 14 of the Dungeon)
 27077 | D:15     | Entered Level 15 of the Dungeon
 27171 | D:15     | Noticed Rupert
 27185 | D:15     | Killed Rupert
 27447 | D:15     | Noticed Josephine
 27457 | D:15     | Killed Josephine
 27621 | D:15     | Reached XP level 16. HP: 123/145 MP: 6/6
 27656 | D:15     | Received a gift from Okawaru
 27696 | D:15     | Noticed Kirke
 27711 | D:15     | Reached skill level 23 in Maces & Flails
 27727 | D:15     | Killed Kirke
 27882 | D:15     | Found a blossoming altar of Fedhas.
 28349 | D:15     | Found a staircase to the Depths.
 28754 | Snake:1  | Entered Level 1 of the Snake Pit
 29948 | Snake:2  | Received a gift from Okawaru
 30167 | Snake:2  | Got a flickering bronze ring
 30286 | Snake:2  | Identified the ring of Eternal Harmony {rPois rC- Dex+2 Int+1 Dam+8} (You found it on level 2 of the Snake Pit)
 30470 | Snake:3  | HP: 6/147 [anaconda (10)]
 30938 | Snake:3  | Found Oseas' Gadget Shop.
 31509 | Snake:3  | Found Ziodih's Book Shop.
 31523 | Snake:3  | Found Fiaroduj's Gadget Shop.
 31675 | Snake:3  | Received a gift from Okawaru
 31752 | Snake:4  | Noticed Asterion
 31755 | Snake:4  | Noticed a spectral weapon
 31769 | Snake:4  | Killed Asterion
 32309 | Snake:4  | Reached XP level 17. HP: 58/154 MP: 6/6
 32489 | Snake:4  | Shot with a bolt by a naga sharpshooter

Action                   |  1- 3 |  4- 6 |  7- 9 | 10-12 | 13-15 | 16-18 || total
-------------------------+-------+-------+-------+-------+-------+-------++-------
Melee: Flail             |    82 |       |     8 |       |       |       ||    90
       Whip              |    20 |   115 |   668 |    44 |       |       ||   847
       Eveningstar       |       |       |       |   660 |  1384 |       ||  2044
       Great mace        |       |       |       |       |   282 |   484 ||   766
Throw: Tomahawk          |       |       |       |       |     4 |       ||     4
Invok: Heroism           |       |       |       |     4 |     2 |     1 ||     7
Evoke: Wand              |       |       |       |    10 |     8 |       ||    18
  Use: Potion            |       |     1 |     2 |     4 |       |     1 ||     8
       Scroll            |       |     8 |     3 |    22 |    15 |     9 ||    57
 Stab: Petrifying        |       |       |       |       |     1 |       ||     1
